 Dungeon Crawl Stone Soup version 0.31-a0-1-g4198be8af4 (webtiles) character file.

Game seed: 6722326834011250011

20 ytrimaz the Slasher (level 2, -14/19 HPs)
             Began as an Octopode Gladiator on May 2, 2023.
             Demolished by a kobold
             ... wielding a +1 whip of electrocution
              (17 damage)
             ... on level 1 of the Dungeon.
             The game lasted 00:00:27 (211 turns).

ytrimaz the Slasher (Octopode Gladiator)             Turns: 211, Time: 00:00:27

Health: -14/19     AC:  1    Str: 13    XL:     2   Next: 79%
Magic:  2/2        EV: 14    Int: 10    God:
Gold:   26         SH:  0    Dex: 13    Spells: 1/1 levels left

rFire   . . .        a - +0 long sword
rCold   . . .        (no shield)
rNeg    . . .        b - +0 hat
rPois   .            (no amulet)
rElec   .            (no ring)
rCorr   .            (no ring)
SInv    .            (no ring)
Will    .....        (no ring)
Stlth   ++           (no ring)
HPRegen 0.23/turn    (no ring)
MPRegen 0.08/turn    (no ring)
                     (no ring)

%: no passive effects
@: no status effects
A: almost no armour, amphibious, 8 rings, camouflage 1, gelatinous body 1,
(nimble swimmer 1), tentacles
a: no special abilities


You were on level 1 of the Dungeon.
You visited 1 branch of the dungeon, and saw 1 of its levels.

You collected 26 gold pieces.


Innate Abilities, Weirdness & Mutations

You cannot wear most types of armour.
You are amphibious.
You can wear up to eight rings at the same time.
Your skin changes colour to match your surroundings (Stealth+).
Your rubbery body absorbs attacks. (AC +1, EV +1)
((You are camouflaged when in or above water. (Stealth+)))
You have tentacles for arms and can constrict up to eight enemies at once.


   Skills:
 - Level 2.0 Fighting
 + Level 3.5 Long Blades
 - Level 2.0 Throwing
 + Level 3.5 Dodging


You had one spell level left.
You didn't know any spells.
Your spell library was empty.

Inventory:

Hand Weapons
 a - a +0 long sword (weapon)
Missiles
 c - a throwing net (quivered)
 d - a javelin
Armour
 b - a +0 hat (worn)
Scrolls
 e - a scroll of vulnerability {unknown}

Dungeon Overview and Level Annotations

Branches:
Dungeon (1/15) Zot: 5783

Altars:

....# #....>......
##### ##.#.#######
## #.#.# .
#.#.######## ###
#.#.#.........
....#.#.#########.
###.....#
#.....#.#########
#....(.....K@...#
#.....#..######.#
......+.... ..
..... #..### .#
..### #... .. .
#.### ## #.# #.#


You could see a kobold.


Message History

A rat is nearby!
A rat is nearby!
You closely miss the rat. You grab the rat. You constrict the rat.
You kill the rat!
No target in view!
No target in view!
A hobgoblin comes into view.
A hobgoblin is nearby!
A hobgoblin is nearby!
A hobgoblin is nearby!
Found a stone staircase leading down.
Unknown command.
The helpless hobgoblin fails to defend itself.
You slash the hobgoblin!
You kill the hobgoblin!
No target in view!
Unknown command.
You see here a +0 whip.
Found an escape hatch in the floor.
A gnoll comes into view. It is wielding a +0 club.
A gnoll is nearby!
A ball python comes into view.
There are monsters nearby!
There are monsters nearby!
A kobold comes into view.
It is wielding a +1 whip of electrocution.
The ball python hisses angrily.
The gnoll shouts!
The kobold shouts!
The gnoll closely misses you.
Unknown command.
You closely miss the gnoll. You grab the gnoll. You constrict the gnoll.
The gnoll misses you. The gnoll completely misses you.
You completely miss the gnoll. You constrict the gnoll.
The ball python barely misses you. The ball python closely misses you.
The gnoll misses you. The ball python barely misses you.
The ball python misses you.
Unknown command.
You release your grip on the gnoll.
The gnoll hits you with a +0 club. 😮 HP[-5]
You take 5 damage, and now have 14/19 hp.
MASSIVE DAMAGE!! (PAUSE)
The gnoll completely misses you. 😕 HP[+1]
The ball python attacks as you move away!
The ball python barely misses you. The ball python closely misses you.
The gnoll attacks as you move away! The gnoll completely misses you.
The ball python closely misses you. The ball python misses you. 😕 HP[+1]
You hit the ball python.
You kill the ball python!
The gnoll hits you with a +0 club. 😮 HP[-4]
You take 4 damage, and now have 12/19 hp.
MASSIVE DAMAGE!! (PAUSE)
You hit the gnoll. Your grab misses the gnoll.
The gnoll hits you with a +0 club.
* * * LOW HITPOINT WARNING * * *
😨 HP[-3]
You take 3 damage, and now have 9/19 hp.
You closely miss the gnoll. Your grab misses the gnoll. The gnoll misses you.
The gnoll completely misses you. 😮 HP[+1] Unknown command.
You hit the gnoll but do no damage. Your grab misses the gnoll.
The gnoll barely misses you.
You hit the gnoll but do no damage. You grab the gnoll.
You constrict the gnoll. The gnoll hits you with a +0 club.
* * * LOW HITPOINT WARNING * * *
😨 HP[-3]
You take 3 damage, and now have 7/19 hp.
Unknown command.
You hit the gnoll. You constrict the gnoll. The gnoll misses you.
You hit the gnoll. You constrict the gnoll.
You kill the gnoll!
The kobold throws a stone.
The stone closely misses you. 😨 HP[+1] Unknown command.
Press: ? - help, v - describe, . - travel
Here: a kobold, wielding a +1 whip of electrocution and quivering stones The floor.
You aren't carrying any potions.
Unknown command.
You aren't carrying any potions.
Unknown command.
Okay, then.
Throw: 3 throwing nets
Press: ? - help, Q - select action, (/) - cycle Shift-Dir - straight line, f - kobold
Aim: a kobold, wielding a +1 whip of electrocution and quivering stones (51% to hit)
You throw a throwing net.
The throwing net closely misses the kobold.
Unknown command.
Throw: 2 throwing nets
Press: ? - help, Q - select action, (/) - cycle Shift-Dir - straight line, f/p - kobold
Aim: a kobold, wielding a +1 whip of electrocution and quivering stones (51% to hit)
You throw a throwing net.
The throwing net closely misses the kobold.
The kobold hits you with a +1 whip of electrocution.
* * * LOW HITPOINT WARNING * * *
You are electrocuted!
Ouch! That really hurt!
You die...

Action                     || total
---------------------------++-------
  Melee: Long sword        ||    21
         Constrict         ||     8
         Tentacles         ||     3
  Throw: Throwing net      ||     2
   Stab: Sleeping          ||     3
 Armour: Skin              ||     1
  Dodge: Dodged            ||    25

Levels and vault maps discovered:
D:1:      tarquinn_simple_flora_water_a, layout_basic,
          shapermc_ecumenical_altar_gd

Notes
Turn   | Place    | Note
-------+----------+-------------------------------------------
     0 | D:1      | ytrimaz the Octopode Gladiator began the quest for the Orb.
     0 | D:1      | Reached XP level 1. HP: 14/14 MP: 1/1
     0 | D:1      | magus.rc [v1.9.6]
    13 | D:1      | Found a faded altar of an unknown god.
   111 | D:1      | Reached XP level 2. HP: 14/19 MP: 2/2
   211 | D:1      | HP: 3/19 [kobold/+1 whip of electrocution (5)]
   211 | D:1      | Demolished by a kobold

Vanquished Creatures
  A gnoll (D:1)
  A bat (D:1)
  A goblin (D:1)
  3 hobgoblins (D:1)
  2 ball pythons (D:1)
  2 rats (D:1)
10 creatures vanquished.

Vanquished Creatures (others)
  A fungus (D:1)
1 creature vanquished.

Grand Total: 11 creatures vanquished

Table legend:
 A = Non-vault XP
 B = Vault XP
 C = Vault XP percentage of total XP
 D = Non-vault monster count
 E = Vault monster count
 F = Vault count percentage of total count
                 A         B        C        D         E       F
            +---------+---------+-------+---------+---------+-------
      Total |      29 |       0 |   0.0 |      10 |       0 |   0.0
            +---------+---------+-------+---------+---------+-------
        D:1 |      29 |       0 |   0.0 |      10 |       0 |   0.0
            +---------+---------+-------+---------+---------+-------

Action                     || total
---------------------------++-------
  Melee: Long sword        ||    21
         Constrict         ||     8
         Tentacles         ||     3
  Throw: Throwing net      ||     2
   Stab: Sleeping          ||     3
 Armour: Skin              ||     1
  Dodge: Dodged            ||    25

Illustrated notes

Table legend:
 A = Kills in this place as a percentage of kills in the entire game.
 B = Kills by you in this place as a percentage of kills by you in the entire game.
 C = Kills by friends in this place as a percentage of kills by friends in the entire game.
 D = Other kills in this place as a percentage of other kills in the entire game.
 E = Experience gained in this place as a percentage of experience gained in the entire game.
 F = Experience gained in this place divided by the number of levels of this place that you have seen.
                   A       B       C       D       E      F
               +-------+-------+-------+-------+-------+----------------------
         Total | 100.0 | 100.0 |   N/A |   N/A | 100.0 |  29.0
       Dungeon | 100.0 | 100.0 |   N/A |   N/A | 100.0 |  29.0
               +-------+-------+-------+-------+-------+----------------------

Table legend: (Time is in decaauts)
 A = Elapsed time spent in this place.
 B = Non-inter-level travel time spent in this place.
 C = Inter-level travel time spent in this place.
 D = Time resting spent in this place.
 E = Time spent auto-exploring this place.
 F = Levels seen in this place.
 G = Mean time per level.
                   A        B        C        D        E       F      G
               +--------+--------+--------+--------+--------+-----+--------+
         Total |    215 |    215 |      0 |      0 |    128 |   1 |  215.0 |
       Dungeon |    215 |    215 |      0 |      0 |    128 |   1 |  215.0 |
               +--------+--------+--------+--------+--------+-----+--------+

Top non-repeatable levels by time:
     D:1: 215 daAuts
